 Dungeon Crawl Stone Soup version 0.28.0-62-gf88900778d (webtiles) character file.

Game seed: 106773962783705620

30 cbfl8 the Skirmisher (level 3, -6/34 HPs)
             Began as a Minotaur Berserker on Apr 26, 2023.
             Was a Follower of Trog.
             Succumbed to Sigmund's poison
             ... on level 2 of the Dungeon.
             The game lasted 00:01:00 (1092 turns).

cbfl8 the Skirmisher (Minotaur Berserker)           Turns: 1092, Time: 00:01:00

Health: -6/34      AC:  5    Str: 23    XL:     3   Next: 5%
Magic:  2/2        EV: 11    Int:  4    God:    Trog [*.....]
Gold:   54         SH:  0    Dex: 11    Spells: 2/2 levels left

rFire   . . .      SeeInvis .   a - +0 hand axe
rCold   . . .      Faith    .   (no shield)
rNeg    . . .      Spirit   .   i - +0 ring mail
rPois   .          Reflect  .   (helmet restricted)
rElec   .          Harm     .   (no cloak)
rCorr   .          Rampage  .   (no gloves)
Will    .....                   (no boots)
Stlth   ..........              (no amulet)
HPRegen 0.11/turn               (no ring)
MPRegen 0.08/turn               (no ring)

@: confused, lethally poisoned (-6 -> -31), on berserk cooldown, slowed, very
slow
A: horns 2, retaliatory headbutt, strong 1, inability to read while threatened
a: Renounce Religion, Berserk


You were on level 2 of the Dungeon.
You worshipped Trog.
Trog was aware of your devotion.
You visited 1 branch of the dungeon, and saw 2 of its levels.

You collected 54 gold pieces.

Inventory:

Hand Weapons
 a - a +0 hand axe (weapon)
Armour
 i - a +0 ring mail (worn)
Scrolls
 c - a scroll of magic mapping {unknown}
 d - a scroll of brand weapon {unknown}
 e - a scroll of immolation {unknown}
 g - a scroll of acquirement {unknown}
 h - a scroll of silence {unknown}
Potions
 b - a potion of curing {unknown}


   Skills:
 * Level 4.3 Fighting
 + Level 4.2 Axes
 + Level 2.5 Armour
 * Level 2.4 Dodging
 * Level 0.3 Evocations


You had 2 spell levels left.
You didn't know any spells.
Your spell library was empty.

Dungeon Overview and Level Annotations

Branches:
Dungeon (2/15)

Altars:

Annotations:
D:2 Sigmund


Innate Abilities, Weirdness & Mutations

You have a pair of horns on your head.
You reflexively headbutt those who attack you in melee.
Your muscles are strong. (Str +2)
You sometimes lose the ability to read scrolls when taking damage.


Message History

You hit the goblin.
You kill the goblin!
Trog accepts your kill.
A magic dart appears from out of thin air!
The magic dart hits you.
A red film seems to cover your vision as you go berserk!
You feel yourself moving faster!
You feel mighty!
You hear some strange, mumbled words.
You are confused.
You are too confused!
Unknown command.
You are too confused!
Unknown command.
You are too confused!
Unknown command.
You are too confused!
You feel a strong urge to attack something.
You see here a +0 dagger.
You bump into the rock wall.
You bump into the rock wall.
You feel your anger nearly subside.
You hear some strange, mumbled words.
You are more confused.
The dart slug launches a dart at you.
The slug dart hits something.
You are no longer berserk.
You are exhausted.
You feel yourself slow down. Something hits you!
You are lethally poisoned!
You miss something. Your headbutt misses something.
You feel extremely sick. Something hits you!
* * * LOW HITPOINT WARNING * * *
You are more poisoned.
There is a lethal amount of poison in your body!
You are too confused!
It was a potion of mutation.
You feel extremely strange.
You feel stronger.
You lose the ability to read scrolls when threatened.
You die...

....#
########....#
#........[...
#...........
#........$..
#...<...#
#.......#
#...?..)####.#
#.......@{w..#
###########.....
... .


You could see a dart slug.

Vanquished Creatures
  2 dart slugs (D:1)
  3 endoplasms (D:1)
  6 goblins
  3 hobgoblins (D:1)
  2 quokkas (D:1)
  2 bats (D:1)
  A kobold (D:1)
  4 rats (D:1)
23 creatures vanquished.

Notes
Turn   | Place    | Note
-------+----------+-------------------------------------------
     0 | D:1      | cbfl8 the Minotaur Berserker began the quest for the Orb.
     0 | D:1      | Reached XP level 1. HP: 19/19 MP: 0/0
   300 | D:1      | Reached XP level 2. HP: 18/27 MP: 1/1
   840 | D:1      | Reached XP level 3. HP: 32/34 MP: 2/2
  1081 | D:2      | Noticed Sigmund
  1092 | D:2      | Gained mutation: Your muscles are strong. (Str +2) [potion
                  | of mutation]
  1092 | D:2      | Gained mutation: You sometimes lose the ability to read
                  | scrolls when taking damage. [potion of mutation]
  1092 | D:2      | Succumbed to Sigmund's poison

Illustrated notes

Levels and vault maps discovered:
D:1:      giann_horns, layout_rooms, fountainhead, interstate_on_off,
          roderic_serpentine_path, supply_closet_lemuel
D:2:      layout_rooms, serial_shops, nicolae_shop_bloodbath_and_beyond,
          hellmonk_ecumenical_altar_lost_god, cheibrodos_gnoll_hut,
          uniq_crazy_yiuf_cottage, uniq_natasha, uniq_sigmund, uniq_jessica

Skill      XL: |  1  2 |
---------------+-------+-----
Fighting       | 4 |  4.3
Axes           | 4 |  4.2
Armour         | |  2.5
Dodging        | |  2.4
Evocations     | |  0.3

Action                   || total
-------------------------++-------
Melee: Hand axe          ||    47
       Headbutt          ||     7
Invok: Berserk           ||     1
  Use: Potion            ||     1
Armor: Animal skin       ||     6
       Ring mail         ||    11
Dodge: Dodged            ||    20
